AoeStats
← Nutteralex

Arena

509733589Analyzed
2v2 RM · 3d ago on Sep 27, 2026· 42m 51s· 4 players
Game mode
Random Map
Map size
Medium (4 player)
Population
200
Speed
Normal
Resources
Standard
Victory
Conquest
Starting age
Dark Age
Ending age
Imperial Age
RankedLock teamsTeams togetherTeam positionsShared explorationLock speedFull tech treeHidden civsTurbo modeCheats
Victory
Defeat
🇨🇱 Ethiopians · Chile
1090
+16
🇨🇦 Turks · Canada
1009
+19
🇨🇦 Danes · Canada
1108
-19
🇨🇦 Malay · Canada
1048
-16
Sir GUERRERO
7:13 Loom
9:30 Feudal Age
13:50 Castle Age
12:37 Double-Bit Axe
24:23 Wheelbarrow
30:55 Imperial Age
29:13 Horse Collar
29:57 Scale Mail Armor
30:08 Forging
31:29 Chain Mail Armor
32:53 Iron Casting
33:43 Gold Mining
34:24 Hand Cart
33:54 Town Watch
34:53 Plate Mail Armor
37:06 Blast Furnace
36:07 Padded Archer Armor
35:58 Fletching
38:14 Ballistics
37:45 Heated Shot
38:56 Chemistry
38:27 Royal Heirs
38:10 Crossbowman
38:55 Thumb Ring
40:23 Arbalester
41:49 Leather Archer Armor
41:29 Bodkin Arrow
41:05 Elite Shotel Warrior
42:06 Conscription
Nutteralex
11:28 Feudal Age
16:37 Castle Age
21:08 Imperial Age
19:08 Double-Bit Axe
20:06 Padded Archer Armor
20:00 Horse Collar
21:29 Bow Saw
26:13 Wheelbarrow
36:27 Loom
36:57 Hand Cart
FredproQc69
0:28 Loom
11:56 Feudal Age
17:09 Castle Age
15:36 Stone Mining
16:14 Double-Bit Axe
17:45 Horse Collar
27:58 Wheelbarrow
27:31 Fletching
29:15 Forging
31:33 Husbandry
33:48 Scale Barding Armor
35:38 Iron Casting
36:02 Bodkin Arrow
39:02 Imperial Age
36:42 Heavy Plow
38:36 Cavalier
41:55 Hand Cart
42:17 Gold Mining
MagnumXL
10:29 Feudal Age
14:20 Castle Age
12:09 Double-Bit Axe
12:49 Stone Mining
12:58 Horse Collar
22:23 Scale Mail Armor
22:20 Arson
26:57 Squires
27:20 Forging
27:35 Gold Mining
37:48 Gambesons
40:28 Wheelbarrow
41:24 Chain Mail Armor
41:44 Iron Casting
Connection lost

Rejoining the realm…

Still unreachable

The connection could not be restored.

Session expired

The server has moved on; the page needs a fresh start.